 Dungeon Crawl Stone Soup version 0.20.0-8-g6b59dc7 (webtiles) character file.

439 Hasart the Cudgeler (level 7, -1/48 HPs)
             Began as an Octopode Fighter on May 31, 2017.
             Slain by an adder (3 damage)
             ... on level 5 of the Dungeon.
             The game lasted 00:06:21 (3275 turns).

Hasart the Cudgeler (Octopode Fighter)              Turns: 3275, Time: 00:06:21

Health: -1/48      AC:  1    Str: 20    XL:     7   Next: 1%
Magic:  7/7        EV: 13    Int: 10    God:
Gold:   221        SH: 10    Dex: 12    Spells: 6/6 levels left

rFire    . . .     SeeInvis +   a - +0 flail
rCold    . . .     Gourm    .   b - +1 shield
rNeg     . . .     Faith    .   (helmet restricted)
rPois    .         Spirit   .   (no amulet)
rElec    .         Reflect  .   f - +3 ring of strength
rCorr    .         Harm     .   l - ring of protection from magic
MR       +....                  t - ring of see invisible
Stlth    ++........             (no ring)
Regen    0.2/turn               (no ring)
MPRegen  0.1/turn               (no ring)
                                (no ring)
                                (no ring)

@: no status effects
A: almost no armour, stealthy swim, amphibious, 8 rings, constrict 8, camouflage
1, gelatinous body 1
a: no special abilities


You were on level 5 of the Dungeon.
You were hungry.

You visited 1 branch of the dungeon, and saw 5 of its levels.

You collected 221 gold pieces.

Inventory:

Hand Weapons
 a - a +0 flail (weapon)
Armour
 b - a +1 shield (worn)
Jewellery
 f - a +3 ring of strength (left tentacle)
 l - a ring of protection from magic (right tentacle)
 p - an uncursed ring of protection from magic
 r - an uncursed ring of ice
 t - a ring of see invisible (on tentacle)
Scrolls
 e - a scroll of enchant armour
 h - a scroll of immolation
 v - a scroll of identify
Potions
 c - a potion of might
 g - a potion of resistance {unknown}
 i - a potion of flight {unknown}
 j - a potion of invisibility
 k - a potion of curing {unknown}
 m - 3 potions of ambrosia {unknown}
 n - 3 potions of heal wounds {unknown}
 q - a potion of agility {unknown}
 s - 2 potions of lignification {unknown}
 u - a potion of mutation {unknown}
Comestibles
 d - 4 bread rations
 o - a royal jelly


   Skills:
 + Level 4.2 Fighting
 * Level 4.8 Maces & Flails
 + Level 4.4 Dodging
 + Level 4.1 Shields


You had 6 spell levels left.
You didn't know any spells.

Dungeon Overview and Level Annotations

Branches:
Dungeon (5/15)
 Temple: D:4-7

Altars:
Ashenzari
Zin

Shops:
D:4 *


Innate Abilities, Weirdness & Mutations

You cannot wear most types of armour.
You are very stealthy in the water. (Stealth+)
You are amphibious.
You can wear up to eight rings at the same time.
You can use your tentacles to constrict eight enemies at once.
Your skin changes colour to match your surroundings (Stealth+).
Your rubbery body absorbs attacks. (AC +1, EV +1)


Message History

The centaur closely misses you. You block the adder's attack.
The centaur hits you.
You are too injured to fight recklessly!
Unknown command.
You sock the centaur!
You kill the centaur!
You have reached level 7!
The centaur unwields an uncursed shortbow.
The centaur misses you. The adder completely misses you.
You block the centaur's attack.
You miss the adder. Your grab misses the adder. The adder bites you.
* * * LOW HITPOINT WARNING * * *
The centaur hits you!
* * * LOW HITPOINT WARNING * * *
You block the adder's attack.
Unknown command.
You barely miss the adder. Your grab misses the adder. The centaur hits you.
* * * LOW HITPOINT WARNING * * *
The adder bites you.
You die...

#..... .... ....
###..... .... ...
###....... ..... ...
#...#####. ..... #.#
###.### #. ..(...#.#
###(..# #####.
....#.#.###...####......
........(.......##......
#S@.((.....##......
#)c................
....[###..............
...... ####.####......
....... .... .......
....... ....# ......
#####.. ........... #..
.......... #####+


You could see a centaur and an adder.

Vanquished Creatures
  A centaur (D:5)
  A howler monkey (D:4)
  2 orc priests
  2 orc wizards
  Natasha (thrice) (D:4)
  A worker ant (D:4)
  An adder (D:4)
  2 adder skeletons (D:4)
  A worm (D:4)
  3 dart slugs
  2 leopard geckos
  9 orcs
  5 bats
  2 giant cockroaches
  5 goblins
  9 hobgoblins
  2 jackals (D:4)
  3 ball pythons
  6 frilled lizards
  A giant cockroach zombie (D:5)
  10 kobolds
  A leopard gecko skeleton (D:5)
  2 quokka skeletons (D:4)
  4 rats
78 creatures vanquished.

Notes
Turn   | Place    | Note
-------+----------+-------------------------------------------
     0 | D:1      | Hasart the Octopode Fighter began the quest for the Orb.
     0 | D:1      | Reached XP level 1. HP: 16/16 MP: 1/1
    78 | D:1      | Reached XP level 2. HP: 21/21 MP: 2/2
   318 | D:1      | Reached XP level 3. HP: 21/26 MP: 3/3
   966 | D:2      | Found a glowing silver altar of Zin.
  1004 | D:2      | Found a shattered altar of Ashenzari.
  1795 | D:3      | Reached XP level 4. HP: 30/31 MP: 4/4
  2283 | D:4      | Reached XP level 5. HP: 33/36 MP: 5/5
  2410 | D:4      | Found Acacop's Elemental Accessories.
  2483 | D:4      | Noticed Natasha
  2488 | D:4      | Killed Natasha
  2679 | D:4      | Noticed Natasha
  2687 | D:4      | Killed Natasha
  2687 | D:4      | Reached XP level 6. HP: 11/43 MP: 6/6
  2711 | D:4      | Noticed Natasha
  2714 | D:4      | Killed Natasha
  3145 | D:5      | Entered Level 5 of the Dungeon
  3273 | D:5      | Reached XP level 7. HP: 16/48 MP: 7/7
  3275 | D:5      | HP: 2/48 [centaur (4)]
  3275 | D:5      | Slain by an adder

Skill      XL: |  1  2  3  4  5  6 |
---------------+-------------------+-----
Maces & Flails | 3 4 |  4.8
Fighting       | 4 |  4.2
Dodging        | 4 |  4.4
Shields        | 4 |  4.1

Action                   |  1- 3 |  4- 6 |  7- 9 || total
-------------------------+-------+-------+-------++-------
Melee: Flail             |    92 |    66 |     2 ||   160
       Constrict         |    26 |    16 |       ||    42
       Tentacles         |    16 |    15 |       ||    31
  Use: Scroll            |       |     7 |       ||     7
 Stab: Sleeping          |    10 |     2 |       ||    12
       Distracted        |       |     1 |       ||     1
  Eat: Chunk             |     3 |     4 |       ||     7
Armor: Skin              |     1 |     3 |       ||     4
Dodge: Dodged            |    34 |    22 |     2 ||    58
Block: Shield            |    42 |    28 |     2 ||    72
